 Dungeon Crawl Stone Soup version 0.29-a0-723-gce39da1c22 (webtiles) character file.

Game seed: 4186304120218431441

320 frimble the Trooper (level 6, 0/84 HPs)
             Began as a Minotaur Hunter on June 28, 2022.
             Succumbed to a scorpion's poison
             ... on level 4 of the Dungeon.
             The game lasted 00:02:34 (3033 turns).

frimble the Trooper (Minotaur Hunter)               Turns: 3033, Time: 00:02:35

Health: 0/84       AC:  7    Str: 15    XL:     6   Next: 22%
Magic:  5/5        EV: 13    Int:  8    God:
Gold:   152        SH:  0    Dex: 16    Spells: 5/5 levels left

rFire   . . .      SeeInvis .   p - +1 short sword (speed)
rCold   . . .      Faith    .   (no shield)
rNeg    . . .      Spirit   .   l - +1 robe {Will+}
rPois   .          Reflect  .   (helmet restricted)
rElec   .          Harm     .   (no cloak)
rCorr   .          Rampage  .   (no gloves)
Will    +....                   (no boots)
Stlth   ..........              (no amulet)
HPRegen 0.24/turn               f - ring "Osochuy" {Fly AC+4 Dex+2}
MPRegen 0.09/turn               (no ring)

@: mighty, berserking, lethally poisoned (0 -> -8), flying, invisible, very
quick
A: horns 2, retaliatory headbutt
a: no special abilities


You were on level 4 of the Dungeon.
You visited 1 branch of the dungeon, and saw 4 of its levels.

You collected 152 gold pieces.

Inventory:

Hand Weapons
 a - a +0 shortbow
 d - a +0 short sword
 h - a +0 dagger of holy wrath
 j - a +0 long sword
 p - a +1 short sword of speed (weapon)
Missiles
 r - 2 throwing nets
Armour
 l - a +1 robe of willpower (worn)
Jewellery
 f - the ring "Osochuy" (left hand) {Fly AC+4 Dex+2}
   (You acquired it on level 2 of the Dungeon)

   [ring of protection]

   AC:        It affects your AC (+4).
   Dex:       It affects your dexterity (+2).
   Fly:       It grants you flight.
Wands
 i - a wand of flame (11)
Scrolls
 b - a scroll of immolation
 k - a scroll of poison
Potions
 e - a potion of invisibility
 g - a potion of heal wounds {unknown}
 m - a potion of berserk rage
 n - 2 potions of haste {unknown}
 o - a potion of brilliance {unknown}


   Skills:
 + Level 5.4 Fighting
 + Level 3.0(3.4) Short Blades
 + Level 2.4(3.3) Long Blades
 - Level 4.3 Ranged Weapons
 + Level 3.8 Dodging
 - Level 0.7 Stealth


You had 5 spell levels left.
You didn't know any spells.
Your spell library was empty.

Dungeon Overview and Level Annotations

Branches:
Dungeon (4/15)
 Temple: D:4-7

Altars:


Innate Abilities, Weirdness & Mutations

You have a pair of horns on your head.
You reflexively headbutt those who attack you in melee.


Message History

You feel sick. The scorpion stings you.
* * * LOW HITPOINT WARNING * * *
You are lethally poisoned!
The scorpion poisons you!
It was a potion of might.
You feel very mighty all of a sudden.
* * * LOW HITPOINT WARNING * * *
You feel very sick. The scorpion misses you.
It was a potion of invisibility.
You fade into invisibility!
* * * LOW HITPOINT WARNING * * *
You feel very sick. The scorpion misses you. You furiously retaliate!
You headbutt the scorpion.
It was a potion of berserk rage.
A red film seems to cover your vision as you go berserk!
You feel yourself moving faster!
You feel mighty!
* * * LOW HITPOINT WARNING * * *
You feel sick. The scorpion misses you. You furiously retaliate!
You headbutt the scorpion!
You kill the scorpion!
Your Short Blades skill increases to level 3!
You have reached level 6!
Unknown command.
Unknown command.
Unknown command.
Unknown command.
Unknown command.
You are too berserk!
There is a lethal amount of poison in your body!
There is a lethal amount of poison in your body!
There are no items here.
There are no items here.
There are no items here.
There are no items here.
Unknown command.
You feel a strong urge to attack something.
* * * LOW HITPOINT WARNING * * *
You feel sick.
You die...

#.......####..
#.....†##...#
#......#..#.# .
#......#.#.)#
#. ##+##+.†...#
...
#....###...#
#.#####.....#..
#......†......#
#####..@#######
#...# .....##
######


There were no monsters in sight!

Vanquished Creatures
  A necrophage (D:4)
  2 scorpions (D:4)
  Jessica (D:2)
  Natasha (D:4)
  2 adders
  A worm (D:3)
  3 dart slugs
  4 endoplasms
  4 giant cockroaches
  6 goblins
  2 hobgoblins
  4 jackals (D:1)
  13 kobolds
  5 quokkas
  5 ball pythons
  3 bats
  A frilled lizard (D:1)
  8 rats
66 creatures vanquished.

Notes
Turn   | Place    | Note
-------+----------+-------------------------------------------
     0 | D:1      | frimble the Minotaur Hunter began the quest for the Orb.
     0 | D:1      | Reached XP level 1. HP: 18/18 MP: 0/0
    64 | D:1      | Reached skill level 3 in Fighting
    74 | D:1      | Reached XP level 2. HP: 18/26 MP: 1/1
   341 | D:1      | Reached skill level 4 in Fighting
   400 | D:1      | Found a faded altar of an unknown god.
   824 | D:2      | Reached XP level 3. HP: 29/33 MP: 2/2
  1335 | D:2      | Reached skill level 1 in Short Blades
  1617 | D:2      | Noticed Jessica
  1620 | D:2      | Killed Jessica
  1621 | D:2      | Reached XP level 4. HP: 41/41 MP: 3/3
  2145 | D:2      | Identified a scroll of acquirement
  2145 | D:2      | Acquired the ring "Osochuy" {Fly AC+4 Dex+2}
  2885 | D:4      | Noticed a necrophage
  2898 | D:4      | Killed a necrophage
  2899 | D:4      | Reached skill level 5 in Fighting
  2899 | D:4      | Reached skill level 1 in Long Blades
  2899 | D:4      | Reached XP level 5. HP: 33/48 MP: 4/4
  2993 | D:4      | Noticed Natasha
  3001 | D:4      | Killed Natasha
  3030 | D:4      | HP: 2/48 [poisoned by a scorpion]
  3032 | D:4      | Reached XP level 6. HP: 2/56 MP: 5/5
  3033 | D:4      | Succumbed to a scorpion's poison

Illustrated notes

Levels and vault maps discovered:
D:1:      shiori_shiawase, layout_rooms, ebering_ecumenical_altar_rust,
          minmay_stone_trees_small
D:2:      layout_loops_ring, minmay_misc_feat_doors, uniq_jessica
D:3:      layout_basic, kennysheep_cluttered_room
D:4:      layout_basic, minmay_bent, uniq_natasha, uniq_menkaure

Skill      XL: |  1  2  3  4  5 |
---------------+----------------+-----
Fighting       | 3 4 5 |  5.4
Short Blades   | 1 2 3 |  3.0
Dodging        | 3 |  3.8
Long Blades    | 1 2 |  2.4
Ranged Weapons | |  4.3
Stealth        | |  0.7

Action                   |  1- 3 |  4- 6 || total
-------------------------+-------+-------++-------
Melee: Unarmed           |    33 |       ||    33
       Headbutt          |    19 |    22 ||    41
       Short sword       |    71 |    89 ||   160
       Long sword        |       |     5 ||     5
       Punch             |       |     1 ||     1
 Fire: Shortbow          |     1 |       ||     1
  Use: Scroll            |     1 |     4 ||     5
       Potion            |       |     3 ||     3
 Stab: Sleeping          |     2 |     1 ||     3
Armor: Leather armour    |    28 |       ||    28
       Robe              |       |    14 ||    14
Dodge: Dodged            |    64 |    46 ||   110

Table legend: (Time is in decaauts)
 A = Elapsed time spent in this place.
 B = Non-inter-level travel time spent in this place.
 C = Inter-level travel time spent in this place.
 D = Time resting spent in this place.
 E = Time spent auto-exploring this place.
 F = Levels seen in this place.
 G = Mean time per level.
                   A        B        C        D        E       F      G
               +--------+--------+--------+--------+--------+-----+--------+
         Total |   3015 |   2874 |    141 |    100 |   2343 |   4 |  753.8 |
       Dungeon |   3015 |   2874 |    141 |    100 |   2343 |   4 |  753.8 |
               +--------+--------+--------+--------+--------+-----+--------+

Top non-repeatable levels by time:
     D:2: 1363 daAuts
     D:1: 820 daAuts
     D:3: 654 daAuts
     D:4: 177 daAuts
